 Dungeon Crawl Stone Soup version 0.32-a0-747-gc8563f6773 (webtiles) character file.

Game seed: 15061001375064167805

1477339 Sergey the Conqueror (level 27, 390/419 HPs)
             Began as an Oni Ice Elementalist on Mar 14, 2024.
             Was an Elder of Nemelex Xobeh.
             Escaped with the Orb
             ... and 3 runes on Mar 19, 2024!
             The game lasted 03:54:01 (93765 turns).

Sergey the Conqueror (Oni Ice Elementalist)        Turns: 93765, Time: 03:54:01

Health: 390/419    AC: 33    Str: 22    XL:     27
Magic:  41/47      EV: 13    Int: 28    God:    Nemelex Xobeh [****..]
Gold:   2040       SH: 13    Dex:  7    Spells: 15/67 levels left

rFire   + + .        w - +9 demon whip (drain)
rCold   + . .        d - +2 kite shield {rC+ rF+}
rNeg    + . .        B - melded +0 robe {Will+}
rPois   ∞            (helmet restricted)
rElec   +            e - +1 cloak of Starlight {*Dazzle EV+4 Stlth--}
rCorr   .            (gloves unavailable)
SInv    +            (boots unavailable)
Will    +++..        x - amulet of Keluejetet {Fly Regen+ Dex+2} Stlth
                     N - ring "Ukeh" {rF+ Str+2 Int+2 Slay+3 SInv}
HPRegen 1.69/turn    r - ring "Heatuaf" {Will+ AC+4}
MPRegen 0.30/turn

%: no passive effects
@: statue-form, flying, studying Conjurations, very slow
A: slow and powerful, torment resistance 1, boosted hp, large, unfitting armour,
horns 1, (tough skin 1), double potion healing, drunken brawling, talons 1,
clumsy 2, deterioration 1, poison resistance, screaming 1
0: Orb of Zot
}: 3/15 runes: decaying, serpentine, silver
a: Begin Untransformation, Renounce Religion, Draw Escape, Draw Destruction,
Draw Summoning, Draw Stack, Triple Draw, Deal Four


You escaped.
You worshipped Nemelex Xobeh.
Nemelex Xobeh was greatly pleased with you.
You were a living statue of rough stone.
You visited 11 branches of the dungeon, and saw 51 of its levels.
You visited the Abyss 1 time.
You visited 1 bazaar.
You also visited: Trove, Bailey, Ice Cave and Wizlab.

You collected 11967 gold pieces.
You spent 9927 gold pieces at shops.

Inventory:

Hand Weapons
 w - a +9 demon whip of draining (weapon)
Missiles
 a - 6 throwing nets
Armour
 d - a +2 kite shield of resistance (worn)
 e - the +1 cloak of Starlight (worn) {*Dazzle EV+4 Stlth--}
   (You bought it in a shop on level 2 of the Snake Pit)

   *Dazzle:   It may blind those who miss an attack against the wearer in melee
   combat.
   EV+4:      It affects your evasion (+4).
   Stlth--:   It makes you much less stealthy.
 B - a +0 robe of willpower (melded)
 H - the +4 Cigotuvi's embrace {Corpsefed rMiasma ^Drain rN+}
   (You found it in a wizard's laboratory)

   Corpsefed: It gathers nearby corpses to temporarily increase the armour it
   provides.
   rMiasma:   It protects you from foul pestilence.
   rN+:       It protects you from negative energy.
   ^Drain:    It drains your maximum health when unequipped.
Magical Staves
 q - the staff "Xoazxopo" {Will+ SInv Conj Hexes}
   (You found it on level 3 of the Elven Halls)

   [staff of conjuration]

   Base accuracy: +5 Base damage: 5 Base attack delay: 1.2 This weapon's minimum
   attack delay (0.6) is reached at skill level 12.
   Will+:     It increases your willpower.
   SInv:      It lets you see invisible.
   Conj:      It increases the power of your Conjurations spells.
   Hexes:     It increases the power of your Hexes spells.
   It falls into the 'Staves' category.
   It is a one-handed weapon.
Jewellery
 l - a ring of willpower
 r - the ring "Heatuaf" (right fist) {Will+ AC+4}
   (You bought it in a shop on level 1 of the Depths)

   [ring of protection]

   AC+4:      It affects your AC (+4).
   Will+:     It increases your willpower.
 x - the amulet of Keluejetet (around neck) {Fly Regen+ Dex+2}
   (You took it off a deep elf high priest on level 3 of the Elven Halls)

   [amulet of regeneration]

   Dex+2:     It affects your dexterity (+2).
   Fly:       It grants you flight.
   Regen+:    It increases your rate of health regeneration.
 F - the ring of Diufuvet {Ice rCorr SInv}
   (You took it off Josephina on level 2 of the Crypt)

   [ring of ice]

   Ice:       It enhances your ice magic.
   rF-:       It makes you vulnerable to fire.
   rC+:       It protects you from cold.
   SInv:      It lets you see invisible.
   rCorr:     It protects you from acid and corrosion.
 N - the ring "Ukeh" (left fist) {rF+ Str+2 Int+2 Slay+3 SInv}
   (You bought it in a shop on level 2 of the Orcish Mines)

   [ring of protection from fire]

   Str+2:     It affects your strength (+2).
   Int+2:     It affects your intelligence (+2).
   Slay+3:    It affects your accuracy & damage with ranged weapons and melee
   (+3).
   rF+:       It protects you from fire.
   SInv:      It lets you see invisible.
 P - the ring of Idatemmo {rC+ rN+ Int+4}
   (You acquired it on level 10 of the Dungeon)

   [ring of protection from cold]

   Int+4:     It affects your intelligence (+4).
   rC+:       It protects you from cold.
   rN+:       It protects you from negative energy.
Talismans
 g - a granite talisman (active)
Wands
 c - a wand of acid (13)
 i - a wand of iceblast (20)
 s - a wand of paralysis (17)
 t - a wand of mindburst (13)
 v - a wand of digging (17)
 y - a wand of flame (1)
Scrolls
 f - 5 scrolls of silence {!r}
 k - 9 scrolls of teleportation {@r3}
 m - 8 scrolls of fog {@r2}
 o - 3 scrolls of immolation
 u - 3 scrolls of enchant armour
 z - 8 scrolls of amnesia
 I - 10 scrolls of poison
 J - 6 scrolls of vulnerability {!r}
 X - 9 scrolls of blinking {@r4}
 Y - 2 scrolls of butterflies
 Z - 5 scrolls of fear
Potions
 b - a potion of brilliance
 h - a potion of haste {@q5}
 n - 3 potions of magic
 A - 2 potions of ambrosia
 D - 8 potions of curing {@q2}
 E - 12 potions of heal wounds {@q1}
 K - 5 potions of invisibility
 L - 9 potions of enlightenment
 M - 10 potions of lignification
 Q - 6 potions of might {@q3}
 S - 3 potions of berserk rage
 T - 6 potions of resistance
 U - 2 potions of cancellation
 W - 6 potions of mutation
Miscellaneous
 j - a phial of floods
 C - a box of beasts (inert)
 O - a phantom mirror
 R - a lightning rod (4/4)
 V - a condenser vane


   Skills:
 O Level 27 Fighting
 - Level 12.0 Maces & Flails
 - Level 4.0 Armour
 - Level 8.0 Dodging
 - Level 1.4 Stealth
 - Level 15.0 Shields
 + Level 20.5 Spellcasting
 - Level 15.0 Conjurations
 - Level 15.0 Summonings
 - Level 7.0 Necromancy
 - Level 2.0 Translocations
 - Level 6.0 Ice Magic
 - Level 10.0 Earth Magic
 - Level 10.0 Alchemy
 - Level 15.0 Invocations
 - Level 10.0 Evocations
 - Level 16.0 Shapeshifting


You had 15 spell levels left.
You knew the following spells:

 Your Spells              Type           Power      Damage    Failure   Level
a - Dispel Undead         Necr           61%        3d21      1%          4
b - Frozen Ramparts       Ice            100%       1d16      1%          3
c - Ozocubu's Armour      Ice            58%        N/A       1%          3
d - Eringya's Noxious Bo  Alch           35%        4d6       5%          6
e - Blink                 Tloc           78%        N/A       1%          2
f - Ignite Poison         Fire/Alch      54%        N/A       2%          4
h - Passwall              Erth           71%        N/A       1%          3
o - Olgreb's Toxic Radia  Alch           71%        N/A       1%          4
r - Irradiate             Conj/Alch      39%        3d24      1%          5
s - Spellforged Servitor  Conj/Summ      42%        N/A       3%          7
w - Lee's Rapid Deconstr  Erth           35%        3d18*     1%          5
z - Bombard               Conj/Erth      39%        9d7       1%          6

Your spell library contained the following spells:

 Spells                   Type           Power      Damage    Failure   Level
 Magic Dart               Conj           100%       1d8       0%          1
 Summon Small Mammal      Summ           100%       N/A       0%          1
 Call Imp                 Summ           100%       N/A       0%          2
 Call Canine Familiar     Summ           85%        N/A       0%          3
 Foxfire                  Conj/Fire      100%       2x1d9     1%          1
 Freeze                   Ice            100%       1d10      1%          1
 Kiss of Death            Conj/Necr      100%       2d13      1%          1
 Necrotise                Necr           100%       1d9       1%          1
 Sandblast                Erth           100%       2d20      1%          1
 Cigotuvi's Dreadful Rot  Necr/Alch/Air  100%       N/A       1%          2
 Ensorcelled Hibernation  Hex/Ice        90%        N/A       1%          2
 Lesser Beckoning         Tloc           78%        N/A       1%          2
 Mercury Vapours          Alch/Air       100%       N/A       1%          2
 Momentum Strike          Conj/Tloc      100%       3d10      1%          2
 Fugue of the Fallen      Necr           61%        N/A       1%          3
 Mephitic Cloud           Conj/Alch/Air  66%        N/A       1%          3
 Stone Arrow              Conj/Erth      100%       3d13      1%          3
 Summon Ice Beast         Ice/Summ       72%        N/A       1%          3
 Vampiric Draining        Necr           61%        2d10      1%          3
 Animate Armour           Summ/Erth      100%       N/A       1%          4
 Animate Dead             Necr           61%        N/A       1%          4
 Brom's Barrelling Bould  Conj/Erth      78%        2d9       1%          4
 Flame Wave               Conj/Fire      63%        2d15      1%          4
 Fulminant Prism          Conj/Alch      39%        3d17      1%          4
 Iskenderun's Mystic Bla  Conj/Tloc      66%        2d14      1%          4
 Leda's Liquefaction      Alch/Erth      35%        N/A       1%          4
 Petrify                  Alch/Erth      71%        N/A       1%          4
 Summon Blazeheart Golem  Fire/Summ      63%        N/A       1%          4
 Summon Lightning Spire   Summ/Air       63%        N/A       1%          4
 Alistair's Intoxication  Alch           47%        N/A       1%          5
 Borgnjor's Vile Clutch   Necr/Erth      33%        N/A       1%          5
 Iskenderun's Battlesphe  Conj           85%        2d13      1%          5
 Gell's Gravitas          Tloc           39%        N/A       2%          3
 Teleport Other           Tloc           39%        N/A       2%          3
 Sticky Flame             Fire/Alch      54%        2d10      2%          4
 Fireball                 Conj/Fire      31%        3d13      2%          5
 Curse of Agony           Necr           61%        N/A       3%          5
 Orb of Destruction       Conj           42%        9d12      3%          7
 Volatile Blastmotes      Fire/Tloc      68%        2d15      4%          3
 Anguish                  Hex/Necr       24%        N/A       4%          4
 Confusing Touch          Hex            28%        N/A       6%          3
 Inner Flame              Hex/Fire       28%        N/A       6%          3
 Swiftness                Air            28%        N/A       6%          3
 Tukima's Dance           Hex            28%        N/A       6%          3
 Yara's Violent Unravell  Hex/Alch       27%        3d12      8%          5
 Manifold Assault         Tloc           39%        N/A       9%          4
 Passage of Golubria      Tloc           39%        N/A       9%          4
 Permafrost Eruption      Ice/Erth       32%        2x4d10    12%         6
 Sculpt Simulacrum        Ice/Alch       32%        N/A       12%         6
 Dimensional Bullseye     Hex/Tloc       17%        N/A       14%         4
 Conjure Ball Lightning   Conj/Air       31%        3x3d10    14%         6
 Starburst                Conj/Fire      31%        6d10      14%         6
 Metabolic Englaciation   Hex/Ice        22%        N/A       17%         5
 Haunt                    Necr/Summ      37%        N/A       19%         7
 Dispersal                Tloc           19%        N/A       80%         6
 Ozocubu's Refrigeration  Ice            29%        4d13      83%         7
 Plasma Beam              Fire/Air       14%        2x1d25    97%         6
 Borgnjor's Revivificati  Necr           30%        N/A       100%        8
 Discord                  Hex            14%        N/A       100%        8
 Disjunction              Tloc           19%        N/A       100%        8
 Ignition                 Fire           14%        3d6       100%        8
 Chain Lightning          Conj/Air       31%        3d42      100%        9
 Death's Door             Necr           30%        N/A       100%        9
 Polar Vortex             Ice            29%        12d3*     100%        9
 Shatter                  Erth           35%        3d28*     100%        9
 Sublimation of Blood     Necr           Unusable   N/A       N/A         2

Dungeon Overview and Level Annotations

Branches:
Dungeon (15/15)            Temple (1/1) D:6            Lair (5/5) D:11
  Swamp (4/4) Lair:2        Snake (4/4) Lair:3        Slime (0/5) Lair:5
    Orc (2/2) D:11            Elf (3/3) Orc:2        Vaults (5/5) D:14
  Crypt (3/3) Vaults:2       Tomb (0/3) Crypt:3      Depths (4/4) D:15
    Zot (5/5) Depths:4     Bailey (visited)           IceCv (visited)
 WizLab (visited)

Altars:
Ashenzari
Cheibriados
Dithmenos
Elyvilon
Fedhas
Gozag
Hepliaklqana
Kikubaaqudgha
Makhleb
Nemelex Xobeh
Okawaru
Qazlal
Ru
Sif Muna
Trog
Uskayaw
Vehumet
Wu Jian
Xom
Yredelemnul
Zin
The Shining One
Beogh
Jiyva

Shops:
D:2 [[[   D:4 :!!   D:7 [   Orc:2 [[!=[**   Elf:2 :   Elf:3 =   Snake:2 [
Snake:3 [   Vaults:2 *   Vaults:3 *   Depths:1 :=:   Depths:4 *

Portals:
Hell: Depths:1 Depths:2 Depths:3 Depths:4
Abyss: Depths:3 Depths:4
Pandemonium: Depths:1 Depths:2
Ziggurat: Depths:2

Annotations:
D:1 exclusion: downstairs
Lair:2 exclusion: downstairs
Swamp:1 exclusion: downstairs
Swamp:3 exclusion: 2 downstairs
Snake:1 3 runed translucent doors, 5 exclusions, Odausch's ghost, adept DsNe
Elf:1 exclusions: downstairs and 2 ice statues
Elf:3 1 runed translucent door
Vaults:1 exclusion: downstairs
Depths:4 1 runed translucent door
Zot:1 2 transporters, Eghefix's ghost, legendary GnFi; Woimireu's ghost, veteran DsGl; Yngi's ghost, legendary MiFi


Innate Abilities, Weirdness & Mutations

You are a living statue of rough stone.
Your actions are slow, but your melee attacks are powerful.
You are resistant to unholy torment.
Your maximum health is greatly increased.
Your equipment is partially melded.
You are too large for most types of armour.
You are immune to poison.
You have a pair of small horns on your head.
((You have tough skin. (AC +1)))
You gain doubled healing and magic from potions.
Whenever you drink a healing potion, you attack all around you.
You have sharp toenails.
You are very clumsy. (Dex -4)
Your body sometimes deteriorates upon taking damage.
Your system is resistant to poisons. (rPois)
You occasionally shout uncontrollably at your foes.


Message History

Casting: Bombard (mildly dangerous; 1% risk of failure)
Confirm with . or Enter, or press ? or * to list all spells.
You erupt in a fountain of uncontrolled magic!
The Executioner is blasted with magical radiation!!
The Executioner is severely wounded.
You are very lightly contaminated with residual magic.
You block the Executioner's attack.
The Executioner hits you but does no damage.
You block the Executioner's attack. x2
The Executioner hits you but does no damage.
The Executioner closely misses you. The Executioner barely misses you.
The Executioner hits you but does no damage.
The Executioner hits you. x2
The Executioner hits you but does no damage. x2
The Executioner hits you!
The Executioner hits you but does no damage.
The Executioner hits you.
The iron shot misses the Executioner.
The blast sends you backwards.
The Executioner hits you but does no damage.
You block the Executioner's attack. x3
The Executioner hits you but does no damage.
The Executioner completely misses you.
A demonspawn warmonger comes into view.
It is wielding a +2 great sword and wearing a +4 plate armour of ponderousness.
The Executioner hits you but does no damage. x2
The Executioner closely misses you.
The iron shot hits the Executioner!!
You kill the Executioner!
The demonspawn warmonger calls upon its god to speed up something.
A demonspawn warmonger comes into view.
It is wielding a +1 demon whip of venom and wearing a +2 kite shield of poison resistance.
Blink to where?
Press: ? - help, Dir - move target
As you read the scroll of blinking {@r4}, it crumbles to dust.
There is a stone staircase leading up here.
You fly upwards.
Level annotation: exclusion: downstairs
There is a stone staircase leading down here.
Your magical contamination has completely faded away.
There is a staircase leading out of the dungeon here.
Unknown command.
You have escaped!

............#...#...#....)#.#
.........#...#..#..#...#..#.#
#..##.....#..#..#..#..#.....#
#..##......#..#.#.#..#.....##
........#...#.#.#.#.#...#..#
#........##..#.#.#.#..##...##
#####......##.#...#.##......#
# #........#.....#........#
#####..######...I...######[.#
.............#.....#........#
##≈≈≈......##.#...#.##......#
#..≈#....##..#.#.#.#..##....#
.#......#...#.#.#.#.#...#...#
##.##......#..#.#.#..#......#
.≈........#..#..#..#..#.....#
#≈#####.[#...#..#..#...#....#
≈≈# #.....#...#...#.....###


There were no monsters in sight!

Vanquished Creatures
  8 dread liches
  4 ancient liches
  2 juggernauts
  7 orbs of fire
  Xtahua (Crypt:2)
  Josephina (Crypt:2)
  2 Killer Klowns (Zot:5)
  Margery (Crypt:2)
  2 curse toes (Zot:5)
  A caustic shrike (Depths:3)
  9 golden dragons
  A mutant beast (WizLab)
  A bone dragon (Depths:3)
  12 tentacled monstrosities
  Asterion (Abyss:2)
  A walking crystal tome (Depths:4)
  A walking frostbound tome (Depths:3)
  9 liches
  An Ice Fiend (D:15)
  4 quicksilver dragons
  26 Orb Guardians
  A deep elf master archer (Elf:3)
  A searing wretch (Crypt:2)
  3 titans
  6 sphinxes
  The ghost of Galebb the Warrior, an adept MiFi of Okawaru (Depths:3)
  3 ancient champions
  A deep elf blademaster (Elf:3)
  2 Executioners
  2 tentacled starspawn (Abyss:2)
  5 death cobs
  2 thorn hunters
  13 tengu reavers
  8 shadow dragons
  A fenstrider witch (Swamp:2)
  3 draconian monks
  An azure jelly (Elf:3)
  3 revenants
  5 nagarajas
  A daeva (Abyss:2)
  11 storm dragons
  8 frost giants
  3 draconian knights
  Aizul (Snake:4)
  2 iron dragons
  2 balrugs
  4 protean progenitors
  3 deep elf sorcerers
  6 fire giants
  4 draconian scorchers
  A draconian shifter (Zot:1)
  11 vault wardens
  A curse skull (Crypt:2)
  A caustic shrike zombie (Depths:1)
  4 spectral caustic shrikes (Depths:4)
  A draconian annihilator (Zot:1)
  5 ghost moths
  3 orc warlords (Vaults:2)
  A spriggan defender (Depths:3)
  3 ghouls
  5 deep elf elementalists (Elf:3)
  12 very ugly things
  A draconian stormcaller (Depths:4)
  A caustic shrike skeleton (Abyss:2)
  14 ironbound preservers
  6 stone giants
  A formless jellyfish (Vaults:3)
  3 ironbound thunderhulks
  4 black draconians
  4 deep elf demonologists
  3 spark wasps
  4 eleionomae
  5 yellow draconians
  32 vampire knights
  4 deep elf annihilators (Elf:3)
  A dire elephant (Vaults:4)
  5 war gargoyles
  7 green draconians
  8 deep elf death magi
  6 purple draconians
  10 red draconians
  5 white draconians
  Snorg (D:14)
  2 eidola
  3 bunyips
  10 crystal guardians
  7 ettins
  3 blizzard demons
  A shambling mangrove (Swamp:4)
  2 jiangshi (Crypt:3)
  2 entropy weavers
  A rakshasa (Depths:1)
  4 great orbs of eyes
  14 yaktaur captains
  18 hydras
  10 ice dragons
  A salamander tyrant (Snake:4)
  10 fire dragons
  9 deep elf high priests
  2 ogre magi
  A juggernaut simulacrum (Depths:4)
  35 vault guards
  8 ironbound frosthearts
  5 peacekeepers
  2 caustic shrike simulacra
  2 spriggan air magi
  A quicksilver dragon skeleton (Depths:2)
  2 hell beasts (Depths:3)
  A hydra (shapeshifter) (Vaults:5)
  3 sphinx zombies
  10 anacondas
  9 alligators
  A spriggan skeleton (Depths:2)
  A fenstrider witch skeleton (Crypt:2)
  5 radroaches (WizLab)
  11 centaur warriors
  27 dancing weapons
  3 boulder beetles
  2 satyrs
  2 orc high priests (Vaults:2)
  A sphinx skeleton (Depths:2)
  12 vampire magi
  A deep troll earth mage (Depths:1)
  13 two-headed ogres
  6 deep troll shamans
  15 naga warriors
  8 tengu warriors
  2 shock serpents (shapeshifter) (WizLab)
  A hell hog (Depths:3)
  9 spriggan berserkers
  3 occultists
  12 naga sharpshooters
  3 shock serpents
  A soul eater (Depths:2)
  12 spriggans
  19 deep elf knights
  4 hell knights (Crypt:2)
  6 salamander mystics
  2 skysharks
  4 sun demons (Zot:1)
  A wretched star (Abyss:2)
  6 iron trolls
  A fire crab (shapeshifter) (WizLab)
  3 shadow wraiths
  A deep troll (shapeshifter) (Vaults:5)
  27 skeletal warriors
  Amaemon (Lair:2)
  41 deep trolls
  A fire crab (Swamp:4)
  4 glowing orange brains
  4 spriggan druids
  A golden dragon zombie (Crypt:1)
  A quicksilver dragon simulacrum (Depths:3)
  9 mana vipers
  3 glowing orange brains (shapeshifter)
  9 goliath frogs
  5 naga ritualists
  3 arcanists
  8 lindwurms
  6 swamp dragons
  A lindwurm (shapeshifter) (WizLab)
  6 flayed ghosts
  4 bog bodies
  3 necromancers
  A golden dragon skeleton (Depths:2)
  13 deep elf archers
  33 phantasmal warriors
  16 ironbound convokers
  Pikel (D:8)
  5 harpies (Vaults:2)
  A shadow dragon zombie (Crypt:1)
  23 deep elf zephyrmancers
  2 thermic dynamos (Elf:2)
  2 orc sorcerers
  29 deep elf pyromancers
  9 orc knights
  5 wolf spiders
  A worldbinder (Abyss:2)
  38 ugly things
  5 manticores
  4 cyclopes
  11 salamanders
  A salamander (shapeshifter) (WizLab)
  6 will-o-the-wisps
  An iron dragon skeleton (Crypt:1)
  23 moths of wrath
  Maurice (D:10)
  12 guardian serpents
  A black mamba (shapeshifter) (D:15)
  A stone giant zombie (Depths:1)
  5 meliai
  39 black mambas
  An elephant (shapeshifter) (WizLab)
  12 naga magi
  6 elephants (Lair:5)
  A water nymph (Vaults:5)
  The ghost of Konar the Chopper, a novice AtFi (D:5)
  2 water nymphs (shapeshifter) (WizLab)
  A molten gargoyle (Lair:5)
  A torpor snail (shapeshifter) (WizLab)
  2 smoke demons
  A gargoyle (D:14)
  14 cane toads
  13 large abominations
  5 rime drakes
  2 orange demons
  2 komodo dragons (shapeshifter) (WizLab)
  13 vault sentinels
  A mana viper skeleton (Crypt:2)
  A nameless horror (Crypt:3)
  10 unseen horrors
  11 komodo dragons
  3 freezing wraiths
  3 alligator snapping turtle zombies (Crypt:3)
  An alligator snapping turtle skeleton (Crypt:3)
  An efreet (D:13)
  A hellion (Depths:2)
  2 kobold demonologists
  18 yaktaurs
  A black draconian skeleton (Crypt:3)
  A red draconian skeleton (Crypt:1)
  3 tengu conjurers
  2 guardian mummies
  A harpy zombie (Crypt:3)
  A red devil (Zot:1)
  6 trolls
  A troll (shapeshifter) (D:13)
  A queen bee (shapeshifter) (Vaults:5)
  A shadow dragon simulacrum (Crypt:2)
  A hornet (shapeshifter) (D:12)
  An ettin zombie (Crypt:3)
  A merfolk (shapeshifter) (Vaults:5)
  A polar bear (shapeshifter) (WizLab)
  2 polar bears (Lair:5)
  29 blink frogs
  15 hornets
  8 glass eyes
  A tarantella zombie (Crypt:3)
  8 tyrant leeches
  An iron dragon simulacrum (Crypt:2)
  An ice dragon zombie (Crypt:3)
  2 alligator simulacra (IceCv)
  7 raiju (Abyss:2)
  2 spriggan zombies
  A death drake skeleton (Crypt:2)
  A black mamba zombie (Crypt:3)
  5 dream sheep
  2 jumping spiders
  20 slime creatures
  A centaur simulacrum (Crypt:2)
  A guardian serpent skeleton (Crypt:1)
  An ettin skeleton (Depths:1)
  3 air elementals
  A shadow (D:10)
  A spriggan (shapeshifter) (WizLab)
  A jumping spider (shapeshifter) (WizLab)
  20 wyverns
  A satyr skeleton (Crypt:1)
  2 ynoxinuls (Abyss:2)
  2 dire elephant simulacra (IceCv)
  A tyrant leech zombie (Crypt:1)
  2 vampires
  10 water elementals
  2 humans
  37 yaks
  14 wraiths
  2 basilisks
  4 fire elementals
  4 hogs (D:15)
  4 wargs
  A redback (shapeshifter) (WizLab)
  4 vampire mosquitoes
  A golden eye (shapeshifter) (WizLab)
  3 redbacks
  A hog (shapeshifter) (Elf:1)
  2 neqoxecs
  An iron golem (WizLab)
  3 steam dragons
  Menkaure (D:6)
  A naga zombie (Crypt:3)
  3 chaos spawn
  3 harpy simulacra (IceCv)
  47 nagas
  8 swamp worms
  3 acid dragons
  2 swamp worms (shapeshifter) (WizLab)
  19 water moccasins
  8 hell hounds
  10 swamp drakes
  2 black bears (D:8)
  8 ogres
  31 orc warriors
  2 ice beasts
  A lindwurm zombie (Crypt:3)
  10 small abominations
  16 laughing skulls
  9 centaurs
  A manticore skeleton (Crypt:3)
  15 wolves
  11 starcursed masses (Abyss:2)
  4 lemures (D:8)
  3 phantoms (D:6)
  2 kobold brigands (D:11)
  14 bullfrogs
  An elf skeleton (Crypt:2)
  A fire crab zombie (Crypt:2)
  7 scorpions
  2 gnoll sergeants (D:9)
  2 earth elementals
  A warg skeleton (Crypt:2)
  4 wights (D:5)
  A cyclops skeleton (Crypt:1)
  32 killer bees
  A troll skeleton (Crypt:1)
  5 howler monkeys
  7 electric eels
  A bombardier beetle (D:5)
  A basilisk zombie (Crypt:1)
  2 human zombies (Crypt:1)
  A hound (D:6)
  6 jellies
  16 orc priests
  2 gnoll boudas (D:6)
  A basilisk skeleton (Crypt:2)
  2 sleepcaps
  6 hell rats (Lair:5)
  3 human skeletons (Crypt:1)
  2 iguanas (D:5)
  20 orc wizards
  A crocodile skeleton (Crypt:2)
  An acid dragon skeleton (Crypt:3)
  16 mummies
  27 gnolls
  2 adders
  A swamp drake skeleton (Crypt:1)
  3 white imps
  4 ufetubi
  An adder skeleton (Crypt:2)
  3 dart slugs
  A ribbon worm (D:2)
  63 orcs
  7 ball pythons
  A bat zombie (Crypt:2)
  9 endoplasms
  4 giant cockroaches
  11 goblins
  10 hobgoblins
  5 kobolds
  5 quokkas
  5 bats
  5 frilled lizards
  A quokka skeleton (Crypt:2)
  2 rats (D:1)
  An aspiring flesh (Zot:5)
2112 creatures vanquished.

Vanquished Creatures (collateral kills)
  A dread lich (Vaults:5)
  An orb of fire (Zot:5)
  Parghit (Depths:3)
  Vashnia (Snake:4)
  A golden dragon (Zot:4)
  Jory (Depths:3)
  A bone dragon (Depths:4)
  4 tentacled monstrosities
  4 liches
  4 Orb Guardians (Zot:5)
  2 walking divine tomes (Depths:3)
  2 quicksilver dragons
  3 death cobs
  2 shadow dragons
  Kirke (D:15)
  A tengu reaver (Vaults:5)
  A revenant (Crypt:1)
  4 storm dragons
  A draconian monk (Zot:3)
  2 protean progenitors
  A nagaraja (Snake:3)
  A deep elf sorcerer (Vaults:5)
  2 vault wardens
  A draconian scorcher (Zot:3)
  A frost giant (Zot:5)
  2 draconian shifters
  A ghoul (Crypt:3)
  A deep elf elementalist (Elf:3)
  An ironbound preserver (Vaults:3)
  3 draconian annihilators
  A very ugly thing (Vaults:5)
  A deep elf death mage (Vaults:5)
  3 green draconians
  3 stone giants
  2 vampire knights
  3 ironbound thunderhulks (Vaults:2)
  A dire elephant (D:15)
  2 black draconians
  2 war gargoyles
  A deep elf annihilator (Elf:3)
  2 purple draconians
  3 white draconians
  A red draconian (Zot:3)
  An ettin (Vaults:5)
  A yaktaur captain (Vaults:2)
  An eidolon (Crypt:3)
  2 deep elf high priests (Vaults:5)
  A spriggan zombie (Crypt:1)
  A peacekeeper (Vaults:1)
  2 vault guards (Vaults:5)
  An ogre mage (Orc:2)
  A death knight (Crypt:3)
  4 two-headed ogres (Orc:2)
  A two-headed ogre (shapeshifter) (Depths:3)
  2 orc high priests
  A spriggan berserker (Depths:4)
  6 naga sharpshooters
  A spriggan (Depths:4)
  A naga warrior (Snake:3)
  A wretched star (Abyss:2)
  7 skeletal warriors
  11 deep trolls
  A flayed ghost (Depths:3)
  A mana viper (Snake:3)
  A bog body (Crypt:3)
  3 naga ritualists
  An ironbound convoker (Vaults:2)
  2 orc knights
  5 phantasmal warriors
  A necromancer (Crypt:1)
  An orc sorcerer (Vaults:5)
  A cyclops (Orc:2)
  2 moths of wrath
  A large abomination (Abyss:2)
  A dire elephant zombie (Crypt:1)
  A vault sentinel (Vaults:2)
  A yaktaur (Vaults:2)
  A kobold demonologist (Bailey)
  A merfolk (shapeshifter) (Vaults:5)
  A tarantella (shapeshifter) (Depths:2)
  5 trolls (Orc:2)
  A hellwing (Abyss:2)
  A hornet (Depths:4)
  A tyrant leech (Depths:4)
  2 slime creatures (D:15)
  A black mamba zombie (Crypt:3)
  3 hogs (D:15)
  A wraith (Crypt:1)
  A basilisk (Lair:4)
  A warg (Orc:2)
  2 nagas (Snake:2)
  A small abomination (Abyss:2)
  6 orc warriors
  A two-headed ogre skeleton (Crypt:1)
  13 ogres (Orc:2)
  8 laughing skulls
  An orc priest (Orc:2)
  An orc wizard (Orc:2)
  7 orcs (Orc:2)
  An aspiring flesh (Zot:5)
207 creatures vanquished.

Vanquished Creatures (others)
  A fire giant (Depths:2)
  A purple draconian (Zot:4)
  A soul eater (Crypt:1)
  A deep elf pyromancer (Elf:1)
  2 moths of wrath
  A bloated husk (Swamp:1)
  A wyvern (shapeshifter) (WizLab)
  A harpy simulacrum (Crypt:2)
  2 swamp drakes (Swamp:4)
  A butterfly (D:15)
  12 foxfires
  7 starspawn tentacles (Abyss:2)
31 creatures vanquished.

Grand Total: 2350 creatures vanquished

Notes
Turn   | Place    | Note
-------+----------+-------------------------------------------
     0 | D:1      | Sergey the Oni Ice Elementalist began the quest for the
                  | Orb.
     0 | D:1      | Reached XP level 1. HP: 16/16 MP: 3/3
   183 | D:1      | Reached skill level 1 in Fighting
   299 | D:1      | Reached skill level 2 in Fighting
   299 | D:1      | Reached XP level 2. HP: 28/28 MP: 0/5
   976 | D:1      | Reached XP level 3. HP: 34/36 MP: 3/7
   980 | D:1      | Learned a level 3 spell: Frozen Ramparts
   984 | D:1      | Learned a level 3 spell: Ozocubu's Armour
  1336 | D:1      | Reached skill level 3 in Fighting
  1725 | D:2      | Found Hedwiomm's Magic Scroll Shop.
  1749 | D:2      | Bought a scroll of identify for 22 gold pieces
  1749 | D:2      | Bought a scroll of teleportation for 33 gold pieces
  1749 | D:2      | Bought a scroll of identify for 22 gold pieces
  1749 | D:2      | Bought a scroll of fear for 44 gold pieces
  1870 | D:2      | Found a faded altar of an unknown god.
  2047 | D:2      | Found Loim Woc's Antique Armour Shoppe.
  2083 | D:2      | Found Perpham's Antique Armour Shop.
  2137 | D:2      | Found Womil's Armour Emporium.
  2469 | D:2      | Found Kauntiff's Distillery.
  2613 | D:2      | Found Loim Woc's Antique Armour Shoppe.
  2627 | D:2      | Found Perpham's Antique Armour Shop.
  2661 | D:2      | Found a faded altar of an unknown god.
  2723 | D:2      | Found Kauntiff's Distillery.
  2801 | D:2      | Found Womil's Armour Emporium.
  3065 | D:2      | Found Hedwiomm's Magic Scroll Shop.
  4476 | D:4      | Reached XP level 4. HP: 45/45 MP: 6/8
  4920 | D:2      | Bought a scroll of identify for 22 gold pieces
  4920 | D:2      | Bought a scroll of identify for 22 gold pieces
  5096 | D:3      | Reached XP level 5. HP: 53/53 MP: 5/9
  5143 | D:3      | Reached skill level 5 in Ice Magic
  5406 | D:4      | Found an ornate altar of the Wu Jian Council.
  5502 | D:4      | Found Ihyod's Distillery.
  5545 | D:4      | Found Guit Uda's Distillery.
  5555 | D:4      | Found Keucs's Book Boutique.
  5605 | D:5      | Entered Level 5 of the Dungeon
  5605 | D:5      | Noticed an ogre
  5870 | D:2      | Bought a +0 cloak for 45 gold pieces
  6345 | D:5      | Reached skill level 4 in Fighting
  6345 | D:5      | Reached XP level 6. HP: 62/62 MP: 3/11
  6564 | D:5      | Reached skill level 5 in Fighting
  6598 | D:5      | Noticed Konar's ghost (novice AtFi)
  6643 | D:5      | Found a runed translucent door.
  6707 | D:5      | Learned a level 2 spell: Blink
  6837 | D:5      | Reached XP level 7. HP: 72/72 MP: 4/13
  7098 | D:5      | Identified the +4 sling "Yfurch" {drain, ^Contam rPois rN++
                  | Dex+3}
  7409 | D:5      | Reached skill level 1 in Translocations
  7409 | D:5      | Reached skill level 1 in Evocations
  7687 | D:6      | Reached skill level 5 in Spellcasting
  7691 | D:6      | Reached XP level 8. HP: 72/80 MP: 2/15
  8080 | D:6      | Found a staircase to the Ecumenical Temple.
  8126 | D:6      | Reached skill level 6 in Fighting
  8233 | Temple   | Entered the Ecumenical Temple
  8268 | Temple   | Became a worshipper of Nemelex Xobeh the Trickster
  8297 | D:6      | Reached skill level 7 in Fighting
  8499 | D:6      | Noticed Menkaure
  8502 | D:6      | Killed Menkaure
  8503 | D:6      | Reached skill level 8 in Fighting
  8525 | D:6      | Identified the staff of Locus Delicti {Fly rElec Air}
  8729 | D:6      | Reached XP level 9. HP: 96/97 MP: 16/18
  9043 | D:7      | Reached * piety under Nemelex Xobeh
  9160 | D:7      | Found a burning altar of Makhleb.
  9218 | D:7      | Found Hisinoc's Armour Boutique.
  9261 | D:7      | Received a gift from Nemelex Xobeh
  9317 | D:7      | Reached skill level 9 in Fighting
  9610 | D:7      | Reached skill level 5 in Evocations
  9930 | D:8      | Reached skill level 1 in Invocations
 10049 | D:8      | Noticed Pikel
 10071 | D:8      | Killed Pikel
 10072 | D:8      | Reached skill level 5 in Invocations
 10181 | D:8      | Reached ** piety under Nemelex Xobeh
 10420 | D:8      | Reached XP level 10. HP: 100/107 MP: 7/19
 10520 | D:8      | Noticed a kobold demonologist
 10585 | D:8      | Killed a kobold demonologist
 11089 | D:9      | Received a gift from Nemelex Xobeh
 11613 | D:9      | Received a gift from Nemelex Xobeh
 11682 | D:9      | Reached *** piety under Nemelex Xobeh
 11804 | D:9      | Reached skill level 1 in Maces & Flails
 12512 | D:2      | Bought a scroll of enchant armour for 82 gold pieces
 12514 | D:2      | Bought a scroll of amnesia for 44 gold pieces
 12643 | D:4      | Bought a potion of enlightenment for 55 gold pieces
 12643 | D:4      | Bought a potion of haste for 110 gold pieces
 13295 | D:10     | Entered Level 10 of the Dungeon
 13312 | D:10     | Reached skill level 10 in Fighting
 13392 | D:10     | Found a flagged portal.
 13402 | Bailey   | Entered a bailey
 13600 | Bailey   | Noticed an orc knight
 13610 | Bailey   | Killed an orc knight
 13611 | Bailey   | Reached skill level 11 in Fighting
 13611 | Bailey   | Reached XP level 11. HP: 120/120 MP: 20/20
 13897 | Bailey   | Reached skill level 12 in Fighting
 13989 | Bailey   | Noticed an orc high priest
 14022 | Bailey   | Found an iron altar of Okawaru.
 14090 | Bailey   | Killed an orc high priest
 14378 | D:10     | Acquired the ring of Idatemmo {rC+ rN+ Int+4}
 14379 | D:10     | Acquired 1003 gold pieces
 14380 | D:10     | Acquired 744 gold pieces
 14586 | D:2      | Bought a glowing robe for 88 gold pieces
 14678 | D:4      | Bought a potion of curing for 36 gold pieces
 14678 | D:4      | Bought a potion of might for 48 gold pieces
 14678 | D:4      | Bought a potion of enlightenment for 60 gold pieces
 14678 | D:4      | Bought a potion of resistance for 120 gold pieces
 14678 | D:4      | Bought a potion of curing for 36 gold pieces
 14678 | D:4      | Bought a potion of curing for 36 gold pieces
 14807 | D:2      | Bought 2 potions of heal wounds for 110 gold pieces
 14807 | D:2      | Bought a potion of berserk rage for 55 gold pieces
 14807 | D:2      | Bought a potion of attraction for 33 gold pieces
 14807 | D:2      | Bought a potion of heal wounds for 55 gold pieces
 14807 | D:2      | Bought 2 potions of cancellation for 176 gold pieces
 14807 | D:2      | Bought a potion of curing for 33 gold pieces
 14807 | D:2      | Bought a potion of brilliance for 44 gold pieces
 14807 | D:2      | Bought a potion of heal wounds for 55 gold pieces
 14807 | D:2      | Bought a potion of curing for 33 gold pieces
 14807 | D:2      | Bought a potion of curing for 33 gold pieces
 14946 | D:4      | Bought a potion of might for 44 gold pieces
 14946 | D:4      | Bought a potion of curing for 33 gold pieces
 15075 | D:2      | Bought a scroll of fear for 44 gold pieces
 15075 | D:2      | Bought a scroll of fog for 44 gold pieces
 15197 | D:4      | Bought a book of Transmutation for 392 gold pieces
 15203 | D:4      | Learned a level 5 spell: Irradiate
 15335 | D:10     | Received a gift from Nemelex Xobeh
 15413 | D:10     | Found a hazy altar of Hepliaklqana.
 15413 | D:10     | Found a glowing silver altar of Zin.
 15417 | D:10     | Found a shimmering blue altar of Sif Muna.
 15423 | D:10     | Found a hide-covered altar of Uskayaw.
 15485 | D:10     | Reached skill level 1 in Conjurations
 15485 | D:10     | Reached skill level 1 in Alchemy
 15644 | D:10     | Found a portal to a secret trove of treasure.
 15756 | D:10     | Noticed a two-headed ogre
 15760 | D:10     | Killed a two-headed ogre
 15816 | D:10     | Noticed Maurice
 15839 | D:10     | Killed Maurice
 16154 | D:10     | Received a gift from Nemelex Xobeh
 16161 | D:10     | Noticed a centaur warrior
 16167 | D:10     | Found a large runed translucent door.
 16168 | D:10     | Found a large runed translucent door.
 16169 | D:10     | Noticed a cyclops
 16174 | D:10     | Reached **** piety under Nemelex Xobeh
 16207 | D:10     | Noticed a cyclops
 16240 | D:10     | Noticed a centaur warrior
 16369 | D:11     | Noticed a boulder beetle
 16394 | D:11     | Killed a boulder beetle
 16743 | D:11     | Noticed a sun demon
 16780 | D:11     | Reached skill level 5 in Conjurations
 16780 | D:11     | Reached skill level 5 in Alchemy
 16780 | D:11     | Reached XP level 12. HP: 103/133 MP: 6/22
 16985 | D:11     | Found a staircase to the Lair.
 17086 | D:11     | Found a staircase to the Orcish Mines.
 17166 | D:11     | Received a gift from Nemelex Xobeh
 17213 | D:11     | Noticed a tengu warrior
 17275 | D:11     | Killed a tengu warrior
 17666 | Lair:1   | Entered Level 1 of the Lair of Beasts
 17949 | Lair:1   | Received a gift from Nemelex Xobeh
 18865 | Lair:2   | Reached ***** piety under Nemelex Xobeh
 18865 | Lair:2   | Received a gift from Nemelex Xobeh
 19223 | Lair:2   | Noticed Amaemon
 19238 | Lair:2   | Killed Amaemon
 19566 | Lair:2   | Found a staircase to the Swamp.
 19566 | Lair:2   | Noticed an eleionoma
 19574 | Lair:2   | Killed an eleionoma
 20071 | Lair:3   | Noticed a skyshark
 20277 | Lair:3   | Killed a skyshark
 20278 | Lair:3   | Reached skill level 10 in Spellcasting
 20278 | Lair:3   | Reached XP level 13. HP: 131/141 MP: 21/27
 20513 | Lair:3   | Reached skill level 13 in Fighting
 20991 | Lair:3   | Found a staircase to the Snake Pit.
 21126 | Lair:4   | Received a gift from Nemelex Xobeh
 21513 | Lair:4   | Received a gift from Nemelex Xobeh
 21927 | Lair:4   | Reached skill level 14 in Fighting
 22055 | Lair:4   | Received a gift from Nemelex Xobeh
 22376 | Lair:5   | Entered Level 5 of the Lair of Beasts
 22627 | Lair:5   | Reached skill level 10 in Invocations
 22700 | Lair:5   | Found a staircase to the Slime Pits.
 22700 | Lair:5   | Found a viscous altar of Jiyva.
 23077 | Lair:5   | Reached skill level 15 in Fighting
 23126 | Lair:5   | Reached XP level 14. HP: 95/159 MP: 7/28
 23323 | Lair:5   | Identified the +1 mace of Cowardice {heavy, rPois rF+
                  | Str+3}
 23482 | Lair:5   | Reached skill level 5 in Maces & Flails
 24211 | Lair:5   | Received a gift from Nemelex Xobeh
 25100 | D:12     | Received a gift from Nemelex Xobeh
 25204 | D:12     | Received a gift from Nemelex Xobeh
 26159 | D:12     | Received a gift from Nemelex Xobeh
 26691 | D:13     | Found a roughly hewn altar of Beogh.
 27214 | D:13     | Received a gift from Nemelex Xobeh
 27813 | D:14     | Found a gate to the Vaults.
 27901 | D:14     | Reached ****** piety under Nemelex Xobeh
 27901 | D:14     | Received a gift from Nemelex Xobeh
 27964 | D:14     | Reached XP level 15. HP: 150/167 MP: 18/31
 28177 | D:14     | Noticed Snorg
 28319 | D:14     | Killed Snorg
 28844 | D:14     | Received a gift from Nemelex Xobeh
 28936 | D:14     | Reached skill level 16 in Fighting
 29116 | Orc:1    | Entered Level 1 of the Orcish Mines
 29409 | Orc:2    | Entered Level 2 of the Orcish Mines
 29423 | Orc:2    | Reached skill level 15 in Invocations
 29607 | Orc:2    | Found Qucsets's Armour Shop.
 29915 | Orc:2    | Received a gift from Nemelex Xobeh
 29921 | Orc:2    | Identified the +0 long sword "Goblinbane" {venom, rPois
                  | Will+ Str+3}
 29930 | Orc:2    | Reached skill level 17 in Fighting
 30101 | Orc:2    | Reached skill level 18 in Fighting
 30207 | Orc:2    | Found Meimeruu's Distillery.
 30217 | Orc:2    | Bought a potion of ambrosia for 104 gold pieces
 30238 | Orc:2    | Found Maibb's Assorted Antiques.
 30241 | Orc:2    | Found Keeru's Armour Boutique.
 30244 | Orc:2    | Found Tico Deu's Jewellery Emporium.
 30373 | Orc:2    | Found Jofysoco's Assorted Antiques.
 30382 | Orc:2    | Bought a green potion for 33 gold pieces
 30382 | Orc:2    | Bought a wand of digging (5) for 777 gold pieces
 30394 | Orc:2    | Found a staircase to the Elven Halls.
 30489 | Orc:2    | Found Bupiseug's Antique Armour Shoppe.
 30498 | Orc:2    | Received a gift from Nemelex Xobeh
 31004 | Orc:1    | Received a gift from Nemelex Xobeh
 31005 | Orc:1    | Found a roughly hewn altar of Beogh.
 31416 | Orc:2    | Bought the ring "Ukeh" {rF+ Str+2 Int+2 Slay+3 SInv} for
                  | 629 gold pieces
 31519 | D:15     | Entered Level 15 of the Dungeon
 31826 | D:15     | Upgraded the game from 0.32-a0-705-g60f233581c to
                  | 0.32-a0-747-gc8563f6773
 31856 | D:15     | Found a white marble altar of Elyvilon.
 32012 | D:15     | Noticed Kirke
 32062 | D:15     | Killed Kirke
 32466 | D:15     | Received a gift from Nemelex Xobeh
 32495 | D:15     | Reached XP level 16. HP: 133/185 MP: 22/33
 33005 | D:15     | Found a staircase to the Depths.
 33328 | D:4      | Bought Great Wizards, Vol. II for 532 gold pieces
 33335 | D:4      | Learned a level 6 spell: Eringya's Noxious Bog
 33578 | Snake:1  | Entered Level 1 of the Snake Pit
 33628 | Snake:1  | Received a gift from Nemelex Xobeh
 34439 | Snake:1  | Found a runed translucent gate.
 34439 | Snake:1  | Found a runed translucent gate.
 34439 | Snake:1  | Found a runed translucent gate.
 34440 | Snake:1  | Noticed Odausch's ghost (adept DsNe)
 34453 | Snake:1  | Reached skill level 10 in Alchemy
 34640 | Snake:1  | Received a gift from Nemelex Xobeh
 34644 | Snake:1  | Reached skill level 1 in Necromancy
 34644 | Snake:1  | Reached skill level 1 in Earth Magic
 35807 | Snake:1  | Received a gift from Nemelex Xobeh
 36199 | Snake:2  | Noticed a nagaraja
 36208 | Snake:2  | Killed a nagaraja
 36209 | Snake:2  | Found Meisekozie's Antique Armour Boutique.
 36347 | Snake:2  | Noticed Frances
 36351 | Snake:2  | Frances changed into Frances the wolf spider
 36351 | Snake:2  | Noticed Frances
 36353 | Snake:2  | Killed Frances the wolf spider
 36840 | Snake:1  | Reached skill level 1 in Shields
 36955 | Snake:2  | Noticed a nagaraja
 36983 | Snake:2  | Killed a nagaraja
 37204 | Snake:2  | Received a gift from Nemelex Xobeh
 37628 | Snake:3  | Noticed a nagaraja
 37650 | Snake:3  | Killed a nagaraja
 37671 | Snake:3  | Reached skill level 5 in Shields
 38070 | Snake:3  | Received a gift from Nemelex Xobeh
 38570 | Snake:3  | Reached XP level 17. HP: 148/193 MP: 24/34
 38759 | Swamp:1  | Entered Level 1 of the Swamp
 39335 | Swamp:1  | Received a gift from Nemelex Xobeh
 40407 | Swamp:2  | Received a gift from Nemelex Xobeh
 41201 | Swamp:3  | Identified the +1 long sword of the Fox {flame, rN+ Int+4}
 41294 | Swamp:3  | Received a gift from Nemelex Xobeh
 41421 | Swamp:3  | Identified the +0 robe of Qaad {-Tele rElec Regen+ Slay+2}
 41445 | Swamp:3  | Reached skill level 10 in Shields
 41468 | Swamp:3  | Found a glacial archway.
 41484 | IceCv    | Entered an ice cave
 41615 | IceCv    | Found a transporter.
 41624 | IceCv    | Found a transporter.
 42302 | Swamp:4  | Entered Level 4 of the Swamp
 42310 | Swamp:4  | HP: 4/193 [spriggan rider/+0 spear (9)]
 42500 | Swamp:4  | Received a gift from Nemelex Xobeh
 42546 | Swamp:4  | Reached skill level 1 in Armour
 43932 | Swamp:4  | Reached XP level 18. HP: 193/204 MP: 18/35
 44706 | Swamp:3  | Gained mutation: You have large cloven feet. [mutagenic
                  | glow]
 45157 | D:10     | Found an iron altar of Okawaru.
 45157 | D:10     | Found an iron altar of Okawaru.
 45215 | D:10     | Identified the +0 scale mail of the Pink Corner {Rampage
                  | rElec Str+2 Dex+2}
 45464 | Swamp:4  | Received a gift from Nemelex Xobeh
 45749 | Swamp:4  | Got a decaying rune of Zot
 46218 | Snake:3  | Reached skill level 1 in Shapeshifting
 46872 | Snake:3  | Found Pimupera's Antique Armour Shoppe.
 47064 | Snake:3  | Acquired 410 gold pieces
 47069 | Snake:4  | Entered Level 4 of the Snake Pit
 47834 | Snake:4  | Reached skill level 5 in Shapeshifting
 47963 | Snake:4  | Received a gift from Nemelex Xobeh
 48694 | Snake:4  | Noticed Vashnia
 48724 | Snake:4  | Killed Vashnia
 49280 | Snake:4  | Identified the serpent talisman "Illissiu" {*Slow rN++
                  | Will+ rCorr}
 49280 | Snake:4  | Noticed Aizul
 49295 | Snake:4  | Killed Aizul
 49295 | Snake:4  | Gained mutation: You are agile. (Dex +4, Str/Int -1)
                  | [mutagenic glow]
 50041 | Snake:4  | Got a serpentine rune of Zot
 50288 | Vaults:1 | Entered Level 1 of the Vaults
 50904 | D:7      | Bought +0 gold dragon scales for 1280 gold pieces
 50994 | D:10     | You paid a toll of +2 gold dragon scales to enter a
                  | treasure trove
 50995 | Trove    | Entered a treasure trove
 51005 | Trove    | Received a gift from Nemelex Xobeh
 51035 | Trove    | Got Sif Muna's Reference Book on Confrontation and Feathers
 51451 | Vaults:1 | Reached XP level 19. HP: 171/211 MP: 23/37
 51459 | Vaults:1 | Reached skill level 10 in Shapeshifting
 52336 | Vaults:1 | Found the necklace of Bloodlust {Fury *Rage Will++ Int-3
                  | Slay+6}
 52444 | Vaults:1 | Received a gift from Nemelex Xobeh
 52556 | Vaults:2 | Found Wadaog's General Store.
 52823 | Elf:1    | Entered Level 1 of the Elven Halls
 52864 | Elf:1    | Received a gift from Nemelex Xobeh
 54020 | Elf:2    | Received a gift from Nemelex Xobeh
 54025 | Elf:2    | Paralysed by an air elemental for 1 turns
 54029 | Elf:1    | Paralysed by an air elemental for 1 turns
 54863 | Elf:2    | Paralysed by an air elemental for 1 turns
 55107 | Elf:2    | Learned a level 4 spell: Ignite Poison
 55138 | Elf:2    | Found a runed translucent gate.
 55139 | Elf:2    | Found a runed translucent gate.
 55139 | Elf:2    | Found a runed translucent gate.
 55401 | Elf:2    | Found Hiptas's Book Emporium.
 55551 | Elf:3    | Entered Level 3 of the Elven Halls
 55575 | Elf:3    | Reached XP level 20. HP: 221/221 MP: 38/38
 55724 | Elf:3    | Learned a level 3 spell: Passwall
 55800 | Elf:3    | Found Riwyop's Jewellery Shoppe.
 55896 | Elf:3    | Found a runed translucent door.
 55899 | Elf:3    | Found a hide-covered altar of Uskayaw.
 56264 | Elf:3    | Received a gift from Nemelex Xobeh
 56485 | Elf:3    | Paralysed by an air elemental for 1 turns
 56488 | Elf:3    | Paralysed by an air elemental for 1 turns
 57715 | Vaults:2 | Learned a level 4 spell: Brom's Barrelling Boulder
 58326 | Vaults:2 | Reached skill level 15 in Shapeshifting
 59397 | Vaults:2 | Received a gift from Nemelex Xobeh
 59869 | Vaults:2 | Found a staircase to the Crypt.
 59869 | Vaults:2 | Found a basalt altar of Yredelemnul.
 59870 | Vaults:2 | Found an ancient bone altar of Kikubaaqudgha.
 59947 | Vaults:3 | Noticed Asterion
 59948 | Vaults:3 | Banished Asterion
 60080 | Vaults:3 | Received a gift from Nemelex Xobeh
 60210 | Vaults:3 | Noticed Sojobo
 60211 | Vaults:3 | Paralysed by an air elemental for 1 turns
 60213 | Vaults:3 | Sojobo changed into Sojobo the shadow dragon
 60213 | Vaults:3 | Noticed Sojobo
 60216 | Vaults:3 | Killed Sojobo the shadow dragon
 60447 | Vaults:3 | Found Ygusmuh's General Store.
 60562 | Vaults:3 | Reached skill level 15 in Spellcasting
 60665 | Vaults:3 | Reached skill level 5 in Earth Magic
 60814 | Vaults:3 | Received a gift from Nemelex Xobeh
 60848 | Vaults:3 | Identified the orb "Razai" {*channel, Int+3 Ice}
 60848 | Vaults:3 | Noticed Frederick
 61102 | Orc:2    | Bought a potion of heal wounds for 65 gold pieces
 61102 | Orc:2    | Bought a potion of heal wounds for 65 gold pieces
 61102 | Orc:2    | Bought a potion of curing for 39 gold pieces
 61329 | Vaults:3 | Reached XP level 21. HP: 230/230 MP: 40/40
 61444 | Vaults:3 | Frederick changed into Frederick the titan
 61444 | Vaults:3 | Noticed Frederick
 61445 | Vaults:3 | Identified the -2 hand axe of Conayfem {chaos, *Slow Will+
                  | Int+4}
 61448 | Vaults:3 | Killed Frederick the titan
 61449 | Vaults:3 | Reached skill level 10 in Conjurations
 62711 | Vaults:4 | Received a gift from Nemelex Xobeh
 63219 | Depths:1 | Entered Level 1 of the Depths
 63219 | Depths:1 | Found a hazy altar of Hepliaklqana.
 63417 | D:15     | Learned a level 6 spell: Bombard
 63425 | D:15     | Learned a level 7 spell: Spellforged Servitor
 63641 | Depths:1 | Found Wih Ywurua's Book Boutique.
 63641 | Depths:1 | Found Omiadoen's Jewellery Shoppe.
 63642 | Depths:1 | Found Xelo's Book Boutique.
 63903 | Depths:1 | Received a gift from Nemelex Xobeh
 63961 | Depths:1 | Found a gateway to Hell.
 64051 | Depths:1 | You fall into a shaft and drop 1 floor!
 64166 | Depths:2 | Reached skill level 1 in Summonings
 64224 | Depths:2 | Found a magical portal.
 64238 | WizLab   | Entered Cigotuvi's Fleshworks
 64564 | WizLab   | Got Cigotuvi's Folio of Vitriol
 64565 | WizLab   | Identified the serpent talisman "Rogog" {rF++ rC+ rN+
                  | Int-5}
 64572 | WizLab   | Identified the serpent talisman of Fanaticism {rN++ rCorr
                  | Int+4 Dex-4}
 64579 | WizLab   | Learned a level 4 spell: Olgreb's Toxic Radiance
 65442 | WizLab   | Found the +4 Cigotuvi's embrace {Corpsefed rMiasma ^Drain
                  | rN+}
 65804 | Depths:1 | Received a gift from Nemelex Xobeh
 65924 | Depths:1 | Found a one-way gate leading to the halls of Pandemonium.
 65931 | Depths:1 | Reached XP level 22. HP: 239/239 MP: 41/41
 66326 | Snake:2  | Bought the +1 cloak of Starlight {*Dazzle EV+4 Stlth--} for
                  | 1098 gold pieces
 66326 | Snake:2  | Found the +1 cloak of Starlight {*Dazzle EV+4 Stlth--}
 66551 | Depths:2 | Reached skill level 5 in Summonings
 67059 | Depths:2 | Got the Dissertation on the Sarcophagus and Bedrock
 67063 | Depths:2 | Identified the +6 hand cannon of the Open Hand {penet,
                  | Dex+4}
 67127 | Abyss:2  | Cast into level 2 of the Abyss (an occultist)
 67131 | Abyss:2  | Found a corrupted altar of Lugonu.
 67134 | Abyss:2  | Received a gift from Nemelex Xobeh
 67240 | Abyss:2  | Found a corrupted altar of Lugonu.
 67268 | Abyss:2  | Found a corrupted altar of Lugonu.
 67268 | Abyss:2  | Found a corrupted altar of Lugonu.
 67371 | Abyss:2  | Killed Asterion
 67761 | Depths:2 | Escaped the Abyss
 68041 | Depths:2 | Received a gift from Nemelex Xobeh
 68100 | Depths:2 | Found a one-way gateway to a ziggurat.
 68756 | Depths:2 | Reached skill level 10 in Summonings
 69300 | Elf:3    | Identified the amulet of Keluejetet {Fly Regen+ Dex+2}
 69481 | Elf:3    | Identified the ring "Zyebyt" {rN++ Int-4 Dex+8 SInv Stlth-}
 69848 | Elf:3    | Identified the +3 flail of Doubt {heavy, rN+}
 69854 | Elf:3    | Identified the amulet of Naok {Acrobat rElec rCorr Stlth-}
 70102 | Elf:3    | Got Vopyrr's Directory of the Undead Geodesic
 70104 | Elf:3    | Identified the +7 orcbow of the Hurtling Gods {elec, rPois
                  | rC- Str+2 Stlth+}
 70109 | Elf:3    | Received a gift from Nemelex Xobeh
 70126 | Elf:3    | Identified the staff "Xoazxopo" {Will+ SInv Conj Hexes}
 70529 | Elf:2    | Reached XP level 23. HP: 247/247 MP: 36/42
 70535 | Elf:2    | Reached skill level 10 in Earth Magic
 71698 | Depths:3 | Received a gift from Nemelex Xobeh
 71713 | Depths:3 | Found a one-way gate to the infinite horrors of the Abyss.
 71735 | Depths:3 | Found a flickering gateway to a bazaar.
 71741 | Bazaar   | Entered a bazaar
 71784 | Bazaar   | Found Esmoscha's Antique Weapon Shoppe.
 71785 | Bazaar   | Found Zeanenochut's Antique Armour Shoppe.
 71824 | Bazaar   | Found Vetuajy's Antique Weapon Emporium.
 71824 | Bazaar   | Found Ophic's Magic Scroll Emporium.
 71846 | Bazaar   | Bought a scroll of poison for 36 gold pieces
 71846 | Bazaar   | Bought a scroll of acquirement for 468 gold pieces
 71846 | Bazaar   | Bought a scroll of immolation for 36 gold pieces
 71846 | Bazaar   | Bought a scroll of fear for 36 gold pieces
 71858 | Bazaar   | Bought a brightly glowing morningstar for 144 gold pieces
 71858 | Bazaar   | Identified the +9 morningstar of Traps {chaos, ^Contam
                  | rN+++ Will++} (You bought it in a shop in a bazaar)
 71871 | Depths:3 | Acquired 525 gold pieces
 71873 | Depths:3 | Acquired 570 gold pieces
 71937 | Depths:1 | Bought the ring "Heatuaf" {Will+ AC+4} for 631 gold pieces
 72121 | Orc:2    | Bought a potion of heal wounds for 140 gold pieces
 72341 | Vaults:3 | Bought a potion of enlightenment for 75 gold pieces
 72341 | Vaults:3 | Bought a phantom mirror for 600 gold pieces
 72341 | Vaults:3 | Bought a scroll of fear for 60 gold pieces
 72561 | Orc:2    | Bought a potion of magic for 104 gold pieces
 72561 | Orc:2    | Bought 2 potions of brilliance for 104 gold pieces
 72561 | Orc:2    | Bought a potion of enlightenment for 65 gold pieces
 72885 | Depths:3 | Noticed an ancient lich
 72892 | Depths:3 | Killed an ancient lich
 73166 | Depths:3 | Noticed a caustic shrike
 73172 | Depths:3 | Killed a caustic shrike
 73454 | Depths:3 | Noticed a juggernaut
 73477 | Depths:3 | Killed a juggernaut
 73993 | Depths:3 | Received a gift from Nemelex Xobeh
 74041 | Depths:3 | Noticed Jory
 74049 | Depths:3 | Killed Jory
 74111 | Depths:3 | Noticed Parghit
 74212 | Depths:4 | Entered Level 4 of the Depths
 74212 | Depths:4 | Found a runed translucent door.
 74323 | Depths:4 | Found a runed translucent door.
 74325 | Depths:4 | Noticed an ancient lich
 74328 | Depths:4 | Noticed Galebb's ghost (adept MiFi)
 74718 | Depths:4 | Noticed a golden dragon
 74731 | Depths:4 | Killed a golden dragon
 74799 | Depths:4 | Noticed a juggernaut
 74813 | Depths:4 | Killed a juggernaut
 74814 | Depths:4 | Reached XP level 24. HP: 256/256 MP: 6/42
 74972 | Depths:4 | Found a gate to the Realm of Zot.
 75052 | Depths:4 | Received a gift from Nemelex Xobeh
 75069 | Depths:4 | Found Qaadioca's General Store.
 75287 | Depths:4 | Learned a level 4 spell: Dispel Undead
 75504 | Crypt:1  | Entered Level 1 of the Crypt
 75719 | Crypt:1  | Reached skill level 10 in Maces & Flails
 76093 | Crypt:1  | Reached skill level 5 in Necromancy
 76364 | Crypt:1  | Received a gift from Nemelex Xobeh
 77298 | Crypt:2  | Identified the ring of Diufuvet {Ice rCorr SInv}
 77298 | Crypt:2  | Noticed Josephina
 77573 | Crypt:2  | Noticed Margery
 77587 | Crypt:2  | Killed Margery
 78011 | Depths:1 | Bought a book of Iron for 640 gold pieces
 78018 | Depths:1 | Learned a level 5 spell: Lee's Rapid Deconstruction
 78299 | Crypt:2  | Noticed Xtahua
 78315 | Crypt:2  | Killed Xtahua
 79924 | Crypt:2  | Killed Josephina
 80392 | Crypt:1  | Found a basalt altar of Yredelemnul.
 80430 | Crypt:3  | Entered Level 3 of the Crypt
 81094 | Crypt:3  | Received a gift from Nemelex Xobeh
 81133 | Crypt:3  | Found a staircase to the Tomb.
 81650 | Crypt:3  | Found a basalt altar of Yredelemnul.
 81813 | Crypt:3  | Identified the staff "Motypnakau" {rC+++ Will- Int-4 Dex+7
                  | Earth}
 81841 | Crypt:3  | Got the Incunabulum of Evil
 82013 | Crypt:3  | Reached XP level 25. HP: 265/265 MP: 42/42
 82339 | Crypt:3  | Identified the +7 falchion of the Lost Artists {drain,
                  | Dex+3}
 82952 | Vaults:5 | Entered Level 5 of the Vaults
 82964 | Vaults:5 | Identified the +2 trident of Circular Logic {freeze, rF++
                  | rN+ Will+}
 83012 | Vaults:5 | Noticed a dread lich
 83083 | Vaults:5 | Killed a dread lich
 83095 | Vaults:5 | Reached skill level 19 in Fighting
 83239 | Vaults:5 | Received a gift from Nemelex Xobeh
 83240 | Vaults:5 | Identified the +5 broad axe of Bread {heavy, rCorr Str-5
                  | Stlth+}
 83371 | Vaults:5 | Identified the ring of Reimbursement {Fire rPois Stlth+}
 83486 | Vaults:5 | Identified the ring of Axiy {AC+4 Int+3 Dex+2 Stlth+}
 83531 | Vaults:5 | Identified the +4 robe of a sewer {rPois Str+8 Dex-2}
 83631 | Vaults:5 | Got a silver rune of Zot
 83768 | Vaults:5 | Noticed a dread lich
 83775 | Vaults:5 | Killed a dread lich
 83890 | Vaults:5 | Reached skill level 15 in Shields
 83916 | Vaults:5 | Reached skill level 15 in Summonings
 83978 | Vaults:5 | Reached skill level 15 in Conjurations
 84031 | Vaults:5 | Reached XP level 26. HP: 280/280 MP: 33/43
 84139 | Vaults:5 | Reached skill level 5 in Dodging
 84529 | Vaults:5 | Noticed a dread lich
 84536 | Vaults:5 | Killed a dread lich
 84624 | Vaults:5 | Identified the +1 hand axe of the Spider Nest {flame,
                  | +Blink rElec rF-}
 84632 | Vaults:5 | Identified the ring of Royalty {rPois Stlth+}
 84635 | Vaults:5 | Identified the +8 dagger "Futoenis" {flame, ^Contam rPois
                  | Str+8 Int+3 Dex-2}
 84660 | Vaults:5 | Identified the +11 sling of Doom {antimagic, rElec Will+
                  | rCorr Dex+2}
 84703 | Vaults:5 | Identified the +1 hand axe of the Five Hosts {freeze, rC-
                  | Will+ rCorr Dex+2}
 84712 | Vaults:5 | Identified the staff of the Inferno {rF+ Str+6 Fire}
 85067 | Depths:4 | Bought a scroll of teleportation for 57 gold pieces
 85094 | Depths:3 | Killed Galebb's ghost
 85183 | Depths:4 | Reached skill level 20 in Fighting
 85310 | Depths:4 | Killed an ancient lich
 85491 | Depths:3 | Killed Parghit
 85729 | D:5      | Killed Konar's ghost
 86007 | Zot:1    | Entered Level 1 of the Realm of Zot
 86007 | Zot:1    | Noticed a dread lich
 86011 | Zot:1    | Killed a dread lich
 86187 | Zot:1    | Noticed an ancient lich
 86373 | Depths:4 | Killed an ancient lich
 86431 | Zot:1    | Noticed an ancient lich
 86494 | Depths:4 | Killed an ancient lich
 86743 | Zot:1    | Reached skill level 10 in Evocations
 86967 | Zot:1    | Noticed a dread lich
 86970 | Zot:1    | Found a transporter.
 86972 | Zot:1    | Noticed Yngi's ghost (legendary MiFi)
 86976 | Zot:1    | Found a transporter.
 86984 | Zot:1    | Noticed Woimireu's ghost (veteran DsGl)
 86986 | Zot:1    | Noticed Eghefix's ghost (legendary GnFi)
 87513 | Zot:1    | Reached skill level 21 in Fighting
 87587 | Zot:1    | Received a gift from Nemelex Xobeh
 88401 | Zot:2    | Received a gift from Nemelex Xobeh
 88568 | Zot:2    | Reached skill level 22 in Fighting
 89429 | Zot:3    | Reached XP level 27. HP: 302/302 MP: 1/44
 89570 | Zot:3    | Received a gift from Nemelex Xobeh
 89663 | Zot:3    | Reached skill level 23 in Fighting
 89998 | Zot:3    | Received a gift from Nemelex Xobeh
 90577 | Zot:5    | Entered Level 5 of the Realm of Zot
 90584 | Zot:4    | Reached skill level 24 in Fighting
 90713 | Zot:4    | Noticed an orb of fire
 90728 | Zot:4    | Gained mutation: You occasionally shout uncontrollably at
                  | your foes. [an orb of fire]
 90879 | Zot:4    | Received a gift from Nemelex Xobeh
 90968 | Zot:4    | Received a gift from Nemelex Xobeh
 90969 | Zot:4    | Gained mutation: You are dopey. (Int -2) [an orb of fire]
 90973 | Zot:4    | Gained mutation: Your magical capacity is low. (-10% MP)
                  | [an orb of fire]
 90978 | Zot:4    | Gained mutation: Your spells are a little easier to cast,
                  | but a little less powerful. [an orb of fire]
 90979 | Zot:4    | Killed an orb of fire
 91847 | Zot:5    | Reached skill level 25 in Fighting
 92477 | Zot:5    | Noticed a dread lich
 92485 | Zot:5    | Noticed a dread lich
 92488 | Zot:5    | Killed a dread lich
 92488 | Zot:5    | Noticed an orb of fire
 92498 | Zot:5    | Gained mutation: Your magical capacity is very low. (-20%
                  | MP) [an orb of fire]
 92500 | Zot:5    | Lost mutation: You are agile. (Dex +4, Str/Int -1) [an orb
                  | of fire]
 92505 | Zot:5    | Killed an orb of fire
 92506 | Zot:5    | Reached skill level 26 in Fighting
 92509 | Zot:5    | Killed a dread lich
 92510 | Zot:5    | Noticed an orb of fire
 92519 | Zot:5    | Killed an orb of fire
 92519 | Zot:5    | Noticed an orb of fire
 92523 | Zot:5    | Gained mutation: Your magical capacity is extremely low.
                  | (-30% MP) [an orb of fire]
 92529 | Zot:5    | Gained mutation: You occasionally lose the ability to read
                  | scrolls when taking damage. [an orb of fire]
 92531 | Zot:5    | Gained mutation: Armour fits poorly on your strangely
                  | shaped body. [an orb of fire]
 92532 | Zot:5    | Killed an orb of fire
 92586 | Zot:5    | Lost mutation: You occasionally shout uncontrollably at
                  | your foes. [potion of mutation]
 92586 | Zot:5    | Lost mutation: You occasionally lose the ability to read
                  | scrolls when taking damage. [potion of mutation]
 92586 | Zot:5    | Gained mutation: You are vulnerable to cold. (rC-) [potion
                  | of mutation]
 92586 | Zot:5    | Lost mutation: Your magical capacity is extremely low.
                  | (-30% MP) [potion of mutation]
 92586 | Zot:5    | Gained mutation: You have sharp fingernails. [potion of
                  | mutation]
 92587 | Zot:5    | Lost mutation: Armour fits poorly on your strangely shaped
                  | body. [potion of mutation]
 92587 | Zot:5    | Lost mutation: You have sharp fingernails. [potion of
                  | mutation]
 92587 | Zot:5    | Gained mutation: You expend magic power (3 MP) to
                  | strengthen your wands. [potion of mutation]
 92588 | Zot:5    | Lost mutation: You have large cloven feet. [potion of
                  | mutation]
 92588 | Zot:5    | Lost mutation: You are dopey. (Int -2) [potion of mutation]
 92588 | Zot:5    | Gained mutation: Your spells are easier to cast, but less
                  | powerful. [potion of mutation]
 92588 | Zot:5    | Gained mutation: You are robust. (+10% HP) [potion of
                  | mutation]
 92588 | Zot:5    | Gained mutation: You have sharp toenails. [potion of
                  | mutation]
 92589 | Zot:5    | Lost mutation: Your spells are easier to cast, but less
                  | powerful. [potion of mutation]
 92589 | Zot:5    | Lost mutation: Your spells are a little easier to cast, but
                  | a little less powerful. [potion of mutation]
 92589 | Zot:5    | Lost mutation: You have sharp toenails. [potion of
                  | mutation]
 92589 | Zot:5    | Gained mutation: You are agile. (Dex +4, Str/Int -1)
                  | [potion of mutation]
 92604 | Zot:5    | Lost mutation: You are robust. (+10% HP) [potion of
                  | mutation]
 92604 | Zot:5    | Lost mutation: You are vulnerable to cold. (rC-) [potion of
                  | mutation]
 92604 | Zot:5    | Gained mutation: Your body sometimes deteriorates upon
                  | taking damage. [potion of mutation]
 92604 | Zot:5    | Gained mutation: You are vulnerable to cold. (rC-) [potion
                  | of mutation]
 92604 | Zot:5    | Gained mutation: You have large cloven feet. [potion of
                  | mutation]
 92605 | Zot:5    | Lost mutation: You expend magic power (3 MP) to strengthen
                  | your wands. [potion of mutation]
 92605 | Zot:5    | Lost mutation: You are vulnerable to cold. (rC-) [potion of
                  | mutation]
 92605 | Zot:5    | Lost mutation: Your magical capacity is very low. (-20% MP)
                  | [potion of mutation]
 92605 | Zot:5    | Gained mutation: You expend magic power (3 MP) to
                  | strengthen your wands. [potion of mutation]
 92605 | Zot:5    | Gained mutation: Armour fits poorly on your strangely
                  | shaped body. [potion of mutation]
 92605 | Zot:5    | Gained mutation: Your muscles are strong. (Str +4, Int/Dex
                  | -1) [potion of mutation]
 92656 | Zot:5    | Noticed an orb of fire
 92671 | Zot:5    | Killed an orb of fire
 92676 | Zot:5    | Noticed an orb of fire
 92677 | Zot:5    | Reached skill level 27 in Fighting
 92679 | Zot:5    | Identified the +2 long sword "Orustr Ecso" {spect, rN+
                  | Int+3 SInv}
 92691 | Zot:5    | Gained mutation: You occasionally shout uncontrollably at
                  | your foes. [an orb of fire]
 92692 | Zot:5    | Lost mutation: Your body sometimes deteriorates upon taking
                  | damage. [an orb of fire]
 92693 | Zot:5    | Gained mutation: Your health recovers twice as slowly from
                  | being drained. [an orb of fire]
 92694 | Zot:5    | Gained mutation: You occasionally lose the ability to read
                  | scrolls when taking damage. [an orb of fire]
 92695 | Zot:5    | Killed an orb of fire
 92963 | Zot:5    | Noticed an orb of fire
 92964 | Zot:5    | Noticed a dread lich
 92964 | Zot:5    | Noticed a dread lich
 92967 | Zot:5    | Noticed an orb of fire
 92968 | Zot:5    | Killed a dread lich
 92969 | Zot:5    | Killed an orb of fire
 92971 | Zot:5    | Gained mutation: You sometimes lose your temper in combat.
                  | [an orb of fire]
 92973 | Zot:5    | Killed a dread lich
 92977 | Zot:5    | Noticed an orb of fire
 92977 | Zot:5    | Gained mutation: Your body sometimes deteriorates upon
                  | taking damage. [mutagenic glow]
 92978 | Zot:5    | Gained mutation: Your body often deteriorates upon taking
                  | damage. [an orb of fire]
 92989 | Zot:5    | Noticed an orb of fire
 92993 | Zot:5    | Gained mutation: You are vulnerable to heat. (rF-) [an orb
                  | of fire]
 92995 | Zot:5    | Noticed a dread lich
 92997 | Zot:5    | Killed an orb of fire
 93003 | Zot:5    | Paralysed by a dread lich for 3 turns
 93007 | Zot:5    | Killed a dread lich
 93120 | Zot:5    | Received a gift from Nemelex Xobeh
 93149 | Zot:5    | Got the Orb of Zot
 93193 | Zot:5    | Lost mutation: You are vulnerable to heat. (rF-) [potion of
                  | mutation]
 93193 | Zot:5    | Lost mutation: You sometimes lose your temper in combat.
                  | [potion of mutation]
 93193 | Zot:5    | Lost mutation: Your muscles are strong. (Str +4, Int/Dex
                  | -1) [potion of mutation]
 93193 | Zot:5    | Gained mutation: You are very agile. (Dex +8, Str/Int -2)
                  | [potion of mutation]
 93194 | Zot:5    | Lost mutation: Your health recovers twice as slowly from
                  | being drained. [potion of mutation]
 93194 | Zot:5    | Lost mutation: Your magical capacity is low. (-10% MP)
                  | [potion of mutation]
 93194 | Zot:5    | Lost mutation: Your body often deteriorates upon taking
                  | damage. [potion of mutation]
 93194 | Zot:5    | Gained mutation: You passively map a small area around you.
                  | [potion of mutation]
 93194 | Zot:5    | Gained mutation: Your flesh is heat resistant. (rF+)
                  | [potion of mutation]
 93194 | Zot:5    | Lost mutation: You passively map a small area around you.
                  | [potion of mutation]
 93194 | Zot:5    | Gained mutation: A frigid envelope surrounds you and
                  | freezes all who hurt you. [potion of mutation]
 93195 | Zot:5    | Lost mutation: You have large cloven feet. [potion of
                  | mutation]
 93195 | Zot:5    | Lost mutation: Armour fits poorly on your strangely shaped
                  | body. [potion of mutation]
 93195 | Zot:5    | Lost mutation: You are very agile. (Dex +8, Str/Int -2)
                  | [potion of mutation]
 93195 | Zot:5    | Gained mutation: You sometimes lose your temper in combat.
                  | [potion of mutation]
 93195 | Zot:5    | Lost mutation: Your body sometimes deteriorates upon taking
                  | damage. [potion of mutation]
 93195 | Zot:5    | Gained mutation: Your flesh is very heat resistant. (rF++)
                  | [potion of mutation]
 93196 | Zot:5    | Lost mutation: You expend magic power (3 MP) to strengthen
                  | your wands. [potion of mutation]
 93196 | Zot:5    | Lost mutation: Your flesh is very heat resistant. (rF++)
                  | [potion of mutation]
 93196 | Zot:5    | Lost mutation: You are agile. (Dex +4, Str/Int -1) [potion
                  | of mutation]
 93196 | Zot:5    | Gained mutation: You occasionally lose the ability to drink
                  | potions when taking damage. [potion of mutation]
 93196 | Zot:5    | Gained mutation: You have sharp toenails. [potion of
                  | mutation]
 93197 | Zot:5    | Lost mutation: Your flesh is heat resistant. (rF+) [potion
                  | of mutation]
 93197 | Zot:5    | Lost mutation: A frigid envelope surrounds you and freezes
                  | all who hurt you. [potion of mutation]
 93197 | Zot:5    | Gained mutation: You are partially covered in iridescent
                  | scales. (AC +2) [potion of mutation]
 93197 | Zot:5    | Gained mutation: You have supernaturally acute eyesight.
                  | (SInv) [potion of mutation]
 93198 | Zot:5    | Lost mutation: You have supernaturally acute eyesight.
                  | (SInv) [potion of mutation]
 93198 | Zot:5    | Lost mutation: You sometimes lose your temper in combat.
                  | [potion of mutation]
 93198 | Zot:5    | Lost mutation: You are partially covered in iridescent
                  | scales. (AC +2) [potion of mutation]
 93198 | Zot:5    | Gained mutation: You are weak. (Str -2) [potion of
                  | mutation]
 93198 | Zot:5    | Lost mutation: You are weak. (Str -2) [potion of mutation]
 93198 | Zot:5    | Gained mutation: You have razor-sharp toenails. [potion of
                  | mutation]
 93199 | Zot:5    | Lost mutation: You occasionally lose the ability to drink
                  | potions when taking damage. [potion of mutation]
 93199 | Zot:5    | Lost mutation: You occasionally lose the ability to read
                  | scrolls when taking damage. [potion of mutation]
 93199 | Zot:5    | Lost mutation: You have razor-sharp toenails. [potion of
                  | mutation]
 93199 | Zot:5    | Gained mutation: You are clumsy. (Dex -2) [potion of
                  | mutation]
 93199 | Zot:5    | Gained mutation: You are very clumsy. (Dex -4) [potion of
                  | mutation]
 93199 | Zot:5    | Gained mutation: Your body sometimes deteriorates upon
                  | taking damage. [potion of mutation]
 93199 | Zot:5    | Gained mutation: Your system is resistant to poisons.
                  | (rPois) [potion of mutation]
 93662 | D:4      | Noticed Ifuyg the pandemonium lord
 93765 | D:$      | Escaped with the Orb!

Illustrated notes

Levels and vault maps discovered:
D:1:      minmay_arrival_radiant_lines, layout_loops_ring,
          dreamdust_princess_bridge, chequers_serial_rivers_small_b,
          minmay_gold_behind_fungi, st_stairs_13, minmay_misc_feat_diagonals
D:2:      layout_basic, serial_shops, nicolae_shop_tiny_real_fake_doors,
          nicolae_shop_peninsula, nicolae_shop_tiny_glass, nicolae_diamond_shop,
          shop, basic_ecumenical_altar
D:3:      layout_rooms, kennysheep_big_empty_room
D:4:      layout_basic, nzn_wu_jian_council_hall, serial_shops, shop,
          nicolae_diamond_shop, shop
D:5:      layout_gridville, hellmonk_ghost_happy_afterlife,
          chequers_serial_rivers_large_b, chequers_hall_statues_y
D:6:      layout_loops_ring, minmay_temple_entry_statues_fountains, hex_large,
          uniq_menkaure
D:7:      layout_gridville, lightli_temple_of_fire, serial_shops,
          nicolae_shop_window_shopping
D:8:      layout_basic, uniq_pikel
D:9:      layout_gridville, minmay_fountain_box
D:10:     okawaru_arena_lexackson, layout_stronghold,
          nicolae_overflow_macrodata_refinement, enter_trove_2,
          serial_column_ruins, column_ruins_square_medium,
          column_ruins_open_large, column_ruins_columns_T,
          column_ruins_columns_straight, column_ruins_open_tiny,
          column_ruins_grid_3, enter_bailey_3, uniq_maurice
D:11:     layout_basic, due_lair_maze_entry_diamond, orc_0_dummy,
          minmay_misc_feat_secret_circle
D:12:     layout_basic
D:13:     layout_roguey [special_room_orc]
D:14:     layout_cross, david_vaults_1, nicolae_hexahallways, uniq_snorg
D:15:     hangedman_depths_entry_try_elsewhere_first, layout_stronghold,
          nicolae_elyvilon_peaceful_grove, uniq_kirke
Temple:   compressed_dpeg_triangle_lava_temple
Lair:1:   layout_regular_city, hangedman_lair_unloving_vines,
          nicolae_lair_grove_arrangements, grunt_megastairs_1
Lair:2:   layout_chaotic_city, alex1729_swamp_entry_worm_eleionoma, uniq_amaemon
Lair:3:   layout_roguey, nicolae_snake_entry_squirm, grunt_megastairs_2
Lair:4:   layout_regular_city
Lair:5:   hangedman_lair_tendril_chambers, layout_gridlike,
          nicolae_slime_entry_slimehenge
Swamp:1:  layout_falls_marsh, evilmike_swamp_ruin_wall
Swamp:2:  layout_basic_swamp, nicolae_swamp_big_swirl, swamp_pool_5,
          cheibrodos_swamp_witchery
Swamp:3:  layout_basic_swamp, portal_ice_cave_entry_dragon,
          evilmike_swamp_ruin_rubble_2, swamp_pool_3
Swamp:4:  swamp_fiery, layout_basic_swamp, swamp_pool_3
Snake:1:  layout_chambers, gammafunk_ghost_necromancy,
          nicolae_snake_snakes_in_the_grass, grunt_megastairs_4
Snake:2:  layout_grid_shapes, serial_shops, nicolae_shop_pleasant_corner_grove,
          uniq_frances
Snake:3:  layout_onion, serial_shops, nicolae_diamond_shop
Snake:4:  johnstein_snake_rune_scales, layout_basic, uniq_aizul
Orc:1:    layout_caves, nicolae_orc_lost_temple
Orc:2:    st_orc_open, layout_caves, serial_shops, shop,
          nicolae_shop_tiny_statue_garden, nicolae_square_shop
Elf:1:    layout_geoelf_octagon, guppyfry_elf_altar, hangedman_decor_cross_pass
Elf:2:    nicolae_elf_blades_crystal_corner, layout_rooms, serial_shops,
          nicolae_shop_statue_plus
Elf:3:    minmay_elf_hall_not_hex, layout_onion_city, serial_shops,
          nicolae_shop_window_shopping, nicolae_danse_macabre
Vaults:1: hangedman_vaults_trim, nicolae_vaults_trapezoid_layered,
          ontoclasm_vaults_spin, layout_vaults_omnigrid
Vaults:2: nicolae_vaults_door_testing_chamber, nicolae_vaults_frosty_reception,
          ontoclasm_vaults_idyll, minmay_crypt_entry_necro_gods,
          dpeg_vaults_monster_box, v_pattern_3, hangedman_vaults_corner_blocks,
          minmay_orc_keep, ontoclasm_vaults_decontamination,
          layout_vaults_big_room, serial_shops, shop
Vaults:3: vaults_dpeg_hooks, nicolae_vaults_apartment_2, nicolae_vaults_meeting,
          v_alt_pattern_4, nicolae_vaults_mitosis, hangedman_vaults_stagger,
          nicolae_vaults_little_squares_6, vaults_room_pool,
          vaults_room_fancy_cross, v_misc_19,
          nicolae_vaults_storage_room_statues, layout_vaults_big_cross,
          serial_shops, shop, uniq_sojobo, uniq_asterion, uniq_frederick
Vaults:4: nicolae_vaults_double_plus_3, hangedman_vaults_capsules,
          ontoclasm_vaults_ligature, nicolae_vaults_twisting_passages,
          nicolae_vaults_double_plus_1, hangedman_vaults_trim, v_misc_26,
          nicolae_vaults_stepped_doors, nicolae_vaults_yaktaur_gun_rack,
          nicolae_vaults_little_ls, nicolae_vaults_little_squares_4,
          serial_ice_b, layout_vaults_maze
Vaults:5
Crypt:1:  layout_regular_city, nicolae_crypt_niches, minivault_23,
          grunt_crypt_arrival_guarded_gate, lemuel_upstairs_altar
Crypt:2:  layout_basic, st_stairs_4, uniq_xtahua, uniq_josephina, uniq_margery
Crypt:3:  church_of_pain_bobbens, layout_chaotic_city,
          nicolae_tomb_entry_unfolded_pyramid_diagonal
Depths:1: layout_cave_shapes, roderic_nine_men_s_morris, rand_demon_pan_entry_9,
          hell_entry, minmay_door_square, dk_noncrumbling_4,
          serial_bayou_pond_b, serial_sigils_hangedman_shear,
          nicolae_hepliaklqana_hazy_memory, firewood_loft, serial_bayou_shore_b,
          minmay_shop_grove
Depths:2: minmay_the_grid_4x2 [minmay_the_grid_doors, minmay_the_grid_square_x,
          minmay_the_grid_artifice, minmay_the_grid_large_cup,
          minmay_the_grid_small_cups, minmay_the_grid_spikes,
          minmay_the_grid_broken_lines, minmay_the_grid_prize_diamond_cup],
          layout_basic, enter_ziggurat_f, hangedman_coc_ice_floe,
          mu_enter_wizlab_6, grunt_pan_entry_spiral
Depths:3: minmay_central_circle, layout_cave_pools,
          nicolae_abyss_entry_one_way_or_another, serial_shops, bzr_entry_safe,
          grunt_mini_vestibule, due_unseen_surprise, uniq_jory, uniq_parghit
Depths:4: evilmike_zot_entry_diamond, layout_cave_shapes, minmay_misc_feat_iff,
          abyss_entry, serial_shops, shop, pf_hell_entry_tar_river,
          muffindrake_ghost_dual_entry
Zot:1:    hellmonk_crystal_mountain, layout_basic, nzn_ghost_randoct,
          grunt_megastairs_5
Zot:2:    layout_concentric_octagons
Zot:3:    layout_basic, grunt_megastairs_3
Zot:4:    layout_cathedral_of_symmetry
Zot:5:    layout_basic

Skill      XL: |  1  2  3  4  5  6  7  8  9 10 11 12 13 14 15 16 17 18 19 20 21 22 23 24 25 26 27 |
---------------+----------------------------------------------------------------------------------+-----
Fighting       | 2 3 4 5 8 9 11 12 15 18 19 22 27 | 27.0
Spellcasting   | 3 4 5 6 10 12 13 14 15 16 17 20 | 20.5
Ice Magic      | 4 5 6 |  6.0
Translocations | 2 |  2.0
Evocations     | 2 3 6 8 10 | 10.0
Invocations    | 6 11 14 15 | 15.0
Maces & Flails | 4 6 8 9 12 | 12.0
Conjurations   | 5 8 9 12 14 15 | 15.0
Alchemy        | 5 7 8 10 | 10.0
Necromancy     | 3 7 |  7.0
Earth Magic    | 3 5 8 9 10 | 10.0
Shields        | 6 11 12 14 15 | 15.0
Armour         | 4 |  4.0
Shapeshifting  | 9 14 16 | 16.0
Summonings     | 4 10 12 14 15 | 15.0
Dodging        | 4 8 |  8.0
Stealth        | |  1.4

Action                     |  1- 3 |  4- 6 |  7- 9 | 10-12 | 13-15 | 16-18 | 19-21 | 22-24 | 25-27 || total
---------------------------+-------+-------+-------+-------+-------+-------+-------+-------+-------++-------
  Melee: Unarmed           |     7 |       |       |       |       |       |       |       |       ||     7
         Headbutt          |     2 |     7 |    22 |    82 |   142 |   106 |   289 |   405 |   347 ||  1402
         Dagger            |       |    48 |    31 |       |       |       |       |       |       ||    79
         Flail             |       |       |   107 |   337 |   502 |   287 |     1 |       |       ||  1234
         Staff             |       |       |       |    31 |     3 |     3 |    17 |       |       ||    54
         Morningstar       |       |       |       |     2 |       |       |       |       |       ||     2
         Mace              |       |       |       |       |       |    52 |       |       |       ||    52
         Kick              |       |       |       |       |       |    89 |   499 |   634 |   526 ||  1748
         Demon whip        |       |       |       |       |       |    13 |   917 |  1113 |   942 ||  2985
  Throw: Stone             |     5 |     2 |     2 |       |       |       |       |       |       ||     9
         Dart              |       |     9 |     7 |    22 |   114 |     4 |    20 |     2 |       ||   178
   Cast: Freeze            |    63 |    22 |    25 |    64 |    14 |     2 |       |       |       ||   190
         Frozen Ramparts   |     3 |    17 |    37 |    78 |    98 |    41 |    47 |     8 |       ||   329
         Ozocubu's Armour  |       |     7 |    22 |    55 |    71 |    30 |    29 |     9 |     1 ||   224
         Irradiate         |       |       |       |     4 |   128 |   209 |   127 |    89 |    76 ||   633
         Blink             |       |       |       |     1 |     1 |       |       |     2 |     3 ||     7
         Eringya's Noxious |       |       |       |       |       |   141 |    30 |     8 |     9 ||   188
         Ignite Poison     |       |       |       |       |       |       |    23 |    35 |     4 ||    62
         Brom's Barrelling |       |       |       |       |       |       |     2 |       |       ||     2
         Olgreb's Toxic Ra |       |       |       |       |       |       |    27 |    89 |     3 ||   119
         Passwall          |       |       |       |       |       |       |     1 |     7 |     1 ||     9
         Bombard           |       |       |       |       |       |       |       |    79 |   179 ||   258
         Spellforged Servi |       |       |       |       |       |       |       |    23 |    40 ||    63
         Dispel Undead     |       |       |       |       |       |       |       |   143 |   103 ||   246
         Lee's Rapid Decon |       |       |       |       |       |       |       |     5 |       ||     5
 Invoke: Draw Summoning    |       |       |       |     3 |     7 |    16 |    14 |    11 |    12 ||    63
         Draw Destruction  |       |       |       |     7 |     7 |    21 |    15 |     9 |    12 ||    71
         Draw Escape       |       |       |       |     1 |       |     1 |       |     1 |       ||     3
         Triple Draw       |       |       |       |       |     1 |     1 |     2 |     1 |       ||     5
         Stack Five        |       |       |       |       |     1 |     1 |     1 |     1 |     1 ||     5
         Deal Four         |       |       |       |       |     2 |     3 |     4 |     1 |     8 ||    18
         Draw Stack        |       |       |       |       |       |     2 |     7 |     2 |     3 ||    14
Ability: Begin Untransform |       |       |       |       |       |       |     2 |       |       ||     2
  Evoke: Wand              |       |       |     9 |    32 |    16 |    60 |    24 |     8 |    32 ||   181
         Lightning rod     |       |       |       |       |       |       |     4 |    12 |     4 ||    20
         Phantom mirror    |       |       |       |       |       |       |       |     1 |     2 ||     3
         Condenser vane    |       |       |       |       |       |       |       |       |     2 ||     2
         Box of beasts     |       |       |       |       |       |       |       |       |     3 ||     3
    Use: Potion            |     2 |       |       |     1 |     4 |    16 |    11 |     1 |    39 ||    74
         Scroll            |     3 |     5 |     3 |    12 |     4 |    13 |    18 |    17 |    25 ||   100
   Stab: Sleeping          |       |     1 |       |       |       |       |     5 |     1 |       ||     7
         Paralysed         |       |       |       |       |       |     9 |     4 |     1 |     3 ||    17
         Petrified         |       |       |       |       |       |     1 |     1 |       |       ||     2
         Distracted        |       |       |       |       |       |       |     2 |     8 |     7 ||    17
         Invisible         |       |       |       |       |       |       |       |    10 |    14 ||    24
 Armour: Robe              |    27 |    61 |   190 |   439 |   722 |   303 |    40 |       |       ||  1782
         Swamp dragon scal |       |       |       |       |       |   774 |   291 |       |       ||  1065
         Skin              |       |       |       |       |       |       |   951 |  1589 |  1526 ||  4066
  Dodge: Dodged            |    16 |    23 |   105 |   240 |   541 |   353 |   330 |   664 |   768 ||  3040
  Block: Kite shield       |       |       |       |       |       |   243 |   713 |  1194 |  1218 ||  3368
   Form: Statue            |       |       |       |       |       |       |     3 |       |       ||     3

Table legend: (Time is in decaauts)
 A = Elapsed time spent in this place.
 B = Non-inter-level travel time spent in this place.
 C = Inter-level travel time spent in this place.
 D = Time resting spent in this place.
 E = Time spent auto-exploring this place.
 F = Levels seen in this place.
 G = Mean time per level.
                   A        B        C        D        E       F      G
               +--------+--------+--------+--------+--------+-----+--------+
         Total | 112297 |  97781 |  14516 |   8911 |  66400 |  57 | 1970.1 |
       Dungeon |  26922 |  20355 |   6567 |   2187 |  13602 |  15 | 1794.8 |
        Temple |     53 |     36 |     17 |      0 |     13 |   1 |   53.0 |
          Lair |   8739 |   7287 |   1452 |     28 |   5812 |   5 | 1747.8 |
         Swamp |   6507 |   5962 |    545 |    819 |   4053 |   4 | 1626.8 |
     Snake Pit |   9085 |   8485 |    600 |    444 |   6257 |   4 | 2271.2 |
  Orcish Mines |   2983 |   2199 |    784 |    179 |   1569 |   2 | 1491.5 |
   Elven Halls |   9018 |   8531 |    487 |    952 |   5590 |   3 | 3006.0 |
        Vaults |  13956 |  11841 |   2115 |   1911 |   7018 |   5 | 2791.2 |
         Crypt |  10143 |   9690 |    453 |     37 |   8174 |   3 | 3381.0 |
        Depths |  10432 |   9382 |   1050 |    617 |   6036 |   4 | 2608.0 |
           Zot |   9950 |   9508 |    442 |    631 |   7069 |   5 | 1990.0 |
         Abyss |    896 |    896 |      0 |    226 |      0 |   1 |  896.0 |
        Bazaar |    191 |    191 |      0 |      0 |    151 |   1 |  191.0 |
         Trove |     97 |     97 |      0 |      0 |     31 |   1 |   97.0 |
        Bailey |    983 |    983 |      0 |    142 |    422 |   1 |  983.0 |
      Ice Cave |    153 |    153 |      0 |      0 |    116 |   1 |  153.0 |
        Wizlab |   2181 |   2181 |      0 |    735 |    484 |   1 | 2181.0 |
               +--------+--------+--------+--------+--------+-----+--------+

Top non-repeatable levels by time:
   Elf:3: 4524 daAuts
Vaults:2: 4415 daAuts
 Crypt:2: 4338 daAuts
 Crypt:3: 3242 daAuts
 Snake:1: 3111 daAuts
 Snake:4: 3015 daAuts
Depths:2: 2903 daAuts
Depths:4: 2872 daAuts
  Lair:5: 2703 daAuts
Depths:3: 2658 daAuts
     D:5: 2608 daAuts
Vaults:5: 2572 daAuts
 Crypt:1: 2563 daAuts
Vaults:1: 2543 daAuts
   Elf:2: 2533 daAuts
